 Dungeon Sprint DCSS version 0.29-a0-838-g385bb11a5b (webtiles) character file.

Game seed: 15846692695129303803

273 manyhoops the Basher (level 6, -4/47 HPs)
             Began as a Human Berserker on July 13, 2022.
             Was a Believer of Trog.
             Slain by a neqoxec (9 damage)
             ... in the Dungeon (Sprint II: "The Violet Keep of Menkaure").
             The game lasted 00:00:42 (310 turns).

manyhoops the Basher (Human Berserker)               Turns: 310, Time: 00:00:42

Health: -4/47      AC:  2    Str: 19    XL:     6   Next: 48%
Magic:  6/6        EV: 12    Int:  8    God:    Trog [**....]
Gold:   243        SH:  0    Dex: 12    Spells: 5/5 levels left

rFire   . . .      SeeInvis .   a - +0 mace
rCold   . . .      Faith    .   (no shield)
rNeg    . . .      Spirit   .   b - +0 animal skin
rPois   .          Reflect  .   (no helmet)
rElec   .          Harm     .   (no cloak)
rCorr   .          Rampage  .   (no gloves)
Will    .....      Rage     3%  (no boots)
Stlth   +......... NoTele   +   (no amulet)
HPRegen 0.15/turn               (no ring)
MPRegen 0.10/turn               (no ring)

@: on berserk cooldown, slowed, unable to drink, very slow
A: berserk 1, inability to drink while threatened 2
a: Renounce Religion, Berserk, Trog's Hand


You were in the Dungeon.
You worshipped Trog.
Trog was pleased with you.
You visited 1 branch You collected 243 gold pieces.

Inventory:

Hand Weapons
 a - a +0 mace (weapon)
Armour
 b - a +0 animal skin (worn)
Scrolls
 h - a scroll of blinking
Potions
 c - a potion of curing
 d - a potion of heal wounds
 e - a potion of haste
 f - 2 potions of magic
 g - a potion of berserk rage


   Skills:
 - Level 3.0 Fighting
 + Level 12.8 Maces & Flails
 - Level 2.0 Armour
 - Level 2.0 Dodging


You had 5 spell levels left.
You didn't know any spells.
Your spell library was empty.

Dungeon Overview and Level Annotations

Branches:
Dungeon (1/1)

Altars:


Innate Abilities, Weirdness & Mutations

You sometimes lose your temper in combat.
You sometimes lose the ability to drink potions when taking damage.


Message History

The neqoxec is moderately wounded.
You are no longer berserk.
You are exhausted.
You feel yourself slow down. The neqoxec gestures at you.
Strange energies course through your body.
You occasionally lose the ability to drink potions when threatened.
You thump the neqoxec!
The neqoxec is severely wounded.
The neqoxec closely misses you.
You hit the neqoxec.
The neqoxec is almost dead.
The neqoxec barely misses you.
You hit the neqoxec.
The neqoxec is almost dead.
The neqoxec misses you.
You hit the neqoxec.
The neqoxec is almost dead.
The neqoxec barely misses you.
You barely miss the neqoxec.
The neqoxec is almost dead.
The neqoxec gestures at you.
Strange energies course through your body.
You lose the ability to drink potions when threatened more often.
You closely miss the neqoxec.
The neqoxec is almost dead.
The neqoxec hits you.
You feel threatened and lose the ability to drink potions!
You barely miss the neqoxec.
The neqoxec is almost dead.
You can drink potions again.
The neqoxec hits you!
You feel threatened and lose the ability to drink potions!
The neqoxec hits you!
* * * LOW HITPOINT WARNING * * *
You cannot drink potions in your current state!
You closely miss the neqoxec.
The neqoxec is almost dead.
The neqoxec hits you!
You die...

##+#
##..###
#..##.#
####.#.##
#.###'##
#3##.##
#@.<.+
###.##
#+#


You could see a neqoxec.

Vanquished Creatures
  2 neqoxecs (D)
  3 worms (D)
5 creatures vanquished.

Notes
Turn   | Place    | Note
-------+----------+-------------------------------------------
     0 | D        | manyhoops the Human Berserker began the quest for the Orb.
     0 | D        | Reached XP level 1. HP: 18/18 MP: 1/1
     9 | D        | Reached skill level 4 in Maces & Flails
    12 | D        | Reached XP level 2. HP: 3/24 MP: 2/2
    14 | D        | Reached ** piety under Trog
    15 | D        | Reached skill level 5 in Maces & Flails
   286 | D        | Noticed a neqoxec
   287 | D        | Noticed a neqoxec
   291 | D        | Noticed a neqoxec
   293 | D        | Killed a neqoxec
   294 | D        | Reached skill level 10 in Maces & Flails
   294 | D        | Reached XP level 3. HP: 29/29 MP: 3/3
   294 | D        | Reached XP level 4. HP: 35/35 MP: 4/4
   294 | D        | Reached XP level 5. HP: 41/41 MP: 5/5
   295 | D        | Gained mutation: You sometimes lose your temper in combat.
                  | [a neqoxec]
   299 | D        | Killed a neqoxec
   300 | D        | Reached skill level 12 in Maces & Flails
   300 | D        | Reached XP level 6. HP: 47/47 MP: 6/6
   302 | D        | Gained mutation: You occasionally lose the ability to drink
                  | potions when taking damage. [a neqoxec]
   307 | D        | Gained mutation: You sometimes lose the ability to drink
                  | potions when taking damage. [a neqoxec]
   310 | D        | Slain by a neqoxec

Illustrated notes

Levels and vault maps discovered:
D:        the_violet_keep_of_menkaure [sprint2_stairs_cluster_1,
          sprint2_shoproom, sprint2_temple, sprint2_basic_supplies,
          sprint2_obstacle_4, sprint2_obstacle_2, sprint2_obstacle_1,
          sprint2_obstacle_6, sprint2_obstacle_7, sprint2_timed_cluster_1,
          sprint2_smallroom_cluster_1, sprint2_smallroom_final_cluster_1,
          sprint2_transparent_cluster_1, sprint2_second_timed_cluster_1,
          sprint2_sniper_area_1, sprint2_heavy_combat_area_1,
          sprint2_mutation_trap_area_1, sprint2_forest_area_1,
          sprint2_light_combat_area_1, sprint2_behind_water_1,
          sprint2_near_end_vault_1]

Skill      XL: |  1  2  3  4  5 |
---------------+----------------+-----
Maces & Flails | 4 10 12 | 12.8
Fighting       | |  3.0
Armour         | |  2.0
Dodging        | |  2.0

Action                   |  1- 3 |  4- 6 || total
-------------------------+-------+-------++-------
Melee: Mace              |    14 |    16 ||    30
       Punch             |     1 |     1 ||     2
Invok: Berserk           |     2 |       ||     2
Armor: Animal skin       |       |     1 ||     1
Dodge: Dodged            |     3 |     4 ||     7

Table legend: (Time is in decaauts)
 A = Elapsed time spent in this place.
 B = Non-inter-level travel time spent in this place.
 C = Inter-level travel time spent in this place.
 D = Time resting spent in this place.
 E = Time spent auto-exploring this place.
 F = Levels seen in this place.
 G = Mean time per level.
                   A        B        C        D        E       F      G
               +--------+--------+--------+--------+--------+-----+--------+
         Total |    313 |    313 |      0 |    264 |      1 |   1 |  313.0 |
       Dungeon |    313 |    313 |      0 |    264 |      1 |   1 |  313.0 |
               +--------+--------+--------+--------+--------+-----+--------+

Top non-repeatable levels by time:
       D: 313 daAuts
